 Dungeon Crawl Stone Soup version 0.30-a0-571-gdf30a72648 (webtiles) character file.

Game seed: 8661010284474628378

128 Jase the Sneak (level 5, -6/30 HPs)
             Began as a Kobold Brigand on Dec 30, 2022.
             Mangled by an iguana (12 damage)
             ... on level 3 of the Dungeon.
             The game lasted 00:07:05 (2552 turns).

Jase the Sneak (Kobold Brigand)                     Turns: 2552, Time: 00:07:05

Health: -6/30      AC:  3    Str:  8    XL:     5   Next: 34%
Magic:  14/14      EV: 15    Int: 15    God:
Gold:   125        SH:  0    Dex: 16    Spells: 4/4 levels left

rFire   . . .      SeeInvis .    a - +2 dagger
rCold   . . .      Faith    .    (no shield)
rNeg    . . .      Spirit   .    s - +0 robe
rPois   .          Reflect  .    (no helmet)
rElec   .          Harm     .    j - +0 cloak
rCorr   .          Rampage  .    (no gloves)
Will    .....                    (no boots)
Stlth   ++++                     (no amulet)
HPRegen 0.25/turn                n - ring of magical power
MPRegen 0.14/turn                (no ring)

@: no status effects
A: small, no large weapons, nightstalker 3
a: no special abilities


You were on level 3 of the Dungeon.
You visited 1 branch of the dungeon, and saw 3 of its levels.

You collected 125 gold pieces.

Inventory:

Hand Weapons
 a - a +2 dagger (weapon)
 b - a +0 dagger of venom
 c - a +0 sling
Missiles
 d - 9 poisoned darts (quivered)
 e - 3 curare-tipped darts
Armour
 j - a +0 cloak (worn)
 k - a +0 buckler
 s - a +0 robe (worn)
Jewellery
 n - a ring of magical power (left hand)
 r - a ring of see invisible
Scrolls
 h - 2 scrolls of identify {unknown}
 i - a scroll of enchant weapon {unknown}
 o - a scroll of immolation {unknown}
 p - 2 scrolls of magic mapping {unknown}
 u - a scroll of noise {unknown}
Potions
 f - a potion of haste {unknown}
 g - a potion of attraction {unknown}
 l - a potion of lignification {unknown}
 m - 2 potions of cancellation {unknown}
 q - 2 potions of degeneration {unknown}
 t - a potion of magic {unknown}


   Skills:
 - Level 2.1 Fighting
 + Level 4.4 Short Blades
 - Level 2.1 Throwing
 + Level 3.4 Dodging
 + Level 6.6 Stealth


You had 4 spell levels left.
You didn't know any spells.
Your spell library contained the following spells:

 Spells                   Type           Power      Damage    Failure   Level
 Leda's Liquefaction      Hex/Erth       0%         N/A       95%         4
 Lee's Rapid Deconstruct  Erth           0%         3d4*      100%        5
 Statue Form              Tmut/Erth      0%         N/A       100%        6


Dungeon Overview and Level Annotations

Branches:
Dungeon (3/15)

Altars:
Ashenzari
Hepliaklqana
Makhleb

Shops:
D:1 (   D:3 *


Innate Abilities, Weirdness & Mutations

You are small and have problems with some larger weapons.
You are completely attuned to the shadows.


Message History

The iguana is lightly wounded.
The iguana misses you.
You hit the iguana.
The iguana is lightly wounded.
The iguana bites you.
You hit the iguana but do no damage.
The iguana is lightly wounded.
You hit the iguana but do no damage.
The iguana is lightly wounded.
The iguana misses you.
You hit the iguana.
The iguana is moderately wounded.
The iguana misses you.
You hit the iguana.
The iguana is moderately wounded.
The iguana bites you!
You hit the iguana.
The iguana is heavily wounded.
The iguana bites you!
You are too injured to fight recklessly!
You are too injured to fight recklessly!
You are too injured to fight recklessly!
You are too injured to fight recklessly!
You are too injured to fight recklessly!
You hit the iguana but do no damage.
The iguana is heavily wounded.
You hit the iguana but do no damage.
The iguana is heavily wounded.
The iguana barely misses you.
You hit the iguana.
The iguana is severely wounded.
The iguana closely misses you.
You closely miss the iguana.
The iguana is severely wounded.
The iguana bites you.
* * * LOW HITPOINT WARNING * * *
You hit the iguana but do no damage.
The iguana is severely wounded.
The iguana bites you!
You die...

.........###.####.# #.# ##.##
#######......^..#.# #.# #...#
#......)..#.# #.# #.#.#
#######.........#.###.######...#
.................>#.....##....##
#######.#.......###.....##.##.###
#................##.............#
#.#####.#.......l##.###.###.###.#
....# #.####.###@##...#...#.#.#.#
###.###.# #.###.##.###.###.#.#.#
###.....# #..##.##.............#
#.#.##### ##.##.##.............#
.#..# #.##.##.###.###.#[#.#
###.## #.##.##...#...#.#.#.# #
##.## #.##.##.###.###.###.# ##.#
#.##................# # ##.##
#...................#


You could see an iguana.

Vanquished Creatures
  Terence (D:2)
  3 adders
  A worm (D:2)
  2 dart slugs
  7 ball pythons
  6 bats
  3 endoplasms
  10 giant cockroaches
  4 goblins
  11 hobgoblins
  3 kobolds
  3 quokkas
  4 frilled lizards
  6 rats
64 creatures vanquished.

Notes
Turn   | Place    | Note
-------+----------+-------------------------------------------
     0 | D:1      | Jase the Kobold Brigand began the quest for the Orb.
     0 | D:1      | Reached XP level 1. HP: 12/12 MP: 1/1
    70 | D:1      | Reached XP level 2. HP: 17/17 MP: 2/2
   169 | D:1      | Reached XP level 3. HP: 21/21 MP: 3/3
   243 | D:1      | Found Hizionaa's Weapon Shoppe.
   719 | D:2      | Found a burning altar of Makhleb.
   829 | D:2      | Noticed Terence
   831 | D:2      | Killed Terence
   832 | D:2      | Reached skill level 6 in Stealth
   832 | D:2      | Reached XP level 4. HP: 26/26 MP: 4/4
  1778 | D:3      | Reached XP level 5. HP: 30/30 MP: 5/5
  1831 | D:3      | Found Maunopam's Assorted Antiques.
  1858 | D:3      | Found a broken altar of Ashenzari.
  2136 | D:3      | Found a hazy altar of Hepliaklqana.
  2552 | D:3      | Mangled by an iguana

Illustrated notes

Levels and vault maps discovered:
D:1:      amcnicky_arrival_blooded_trapdoor, layout_rooms, serial_shops, shop
D:2:      layout_basic, serial_glass, glass_columns_a, glass_columns_b,
          glass_columns_c, glass_columns_c, glass_columns_c, glass_columns_b,
          glass_columns_a, glass_columns_a, glass_columns_b, glass_columns_c,
          glass_columns_a, glass_columns_b, glass_columns_a, glass_columns_b,
          basic_altar, dk_noncrumbling_2, uniq_terence
D:3:      minmay_roachtagon, layout_loops_ring, mainiacjoe_overflow_alcove_1,
          cheibrodos_ashenzari_chains, serial_shops, nicolae_shop_hallway_plus,
          minmay_misc_feat_nine_boxes

Skill      XL: |  1  2  3  4 |
---------------+-------------+-----
Short Blades   | 3 4 |  4.4
Dodging        | 2 3 |  3.4
Stealth        | 6 |  6.6
Fighting       | |  2.1
Throwing       | |  2.1

Action                   |  1- 3 |  4- 6 || total
-------------------------+-------+-------++-------
Melee: Dagger            |    73 |   118 ||   191
       Punch             |       |     3 ||     3
 Stab: Distracted        |     1 |       ||     1
       Sleeping          |    12 |    16 ||    28
Armor: Robe              |    12 |    18 ||    30
Dodge: Dodged            |    48 |    67 ||   115

Table legend: (Time is in decaauts)
 A = Elapsed time spent in this place.
 B = Non-inter-level travel time spent in this place.
 C = Inter-level travel time spent in this place.
 D = Time resting spent in this place.
 E = Time spent auto-exploring this place.
 F = Levels seen in this place.
 G = Mean time per level.
                   A        B        C        D        E       F      G
               +--------+--------+--------+--------+--------+-----+--------+
         Total |   2515 |   2460 |     55 |    127 |   1886 |   3 |  838.3 |
       Dungeon |   2515 |   2460 |     55 |    127 |   1886 |   3 |  838.3 |
               +--------+--------+--------+--------+--------+-----+--------+

Top non-repeatable levels by time:
     D:3: 925 daAuts
     D:2: 920 daAuts
     D:1: 670 daAuts
